 Dungeon Crawl Stone Soup version 0.29-a0-275-g389c0b56f3 (webtiles) character file.

Game seed: 14537561630219034170

1863 Leszczynek the Cleaver (level 9, -1/72 HPs)
             Began as a Human Gladiator on Mar 11, 2022.
             Was a High Priest of the Shining One.
             Slain by a wight
             ... wielding a +1 great sword of protection
              (11 damage)
             ... on level 9 of the Dungeon.
             The game lasted 00:24:26 (2483 turns).

Leszczynek the Cleaver (Human Gladiator)            Turns: 2483, Time: 00:24:26

Health: -1/72      AC:  9    Str: 20    XL:     9   Next: 35%
Magic:  12/12      EV: 12    Int:  8    God:    the Shining One [*****.]
Gold:   44         SH:  8    Dex: 14    Spells: 8/8 levels left

rFire   . . .      SeeInvis .   a - +0 war axe
rCold   . . .      Faith    .   (no shield)
rNeg    + + .      Spirit   .   s - +0 ring mail
rPois   +          Reflect  .   c - +0 helmet
rElec   .          Harm     .   m - +2 cloak {rPois}
rCorr   +          Rampage  .   (no gloves)
Will    +....                   (no boots)
Stlth   +.........              (no amulet)
HPRegen 0.22/turn               l - ring of resist corrosion
MPRegen 0.13/turn               r - ring of willpower

@: brilliant, divinely shielded, attractive, flying, hasted, glowing, very quick
A: no striking features
a: Renounce Religion, Divine Shield, Cleansing Flame, Summon Divine Warrior


You were on level 9 of the Dungeon.
You worshipped the Shining One.
The Shining One was extremely pleased with you.
You visited 1 branch of the dungeon, and saw 9 of its levels.
You also visited: Ossuary.

You collected 274 gold pieces.
You spent 230 gold pieces at shops.

Inventory:

Hand Weapons
 a - a +0 war axe (weapon)
 b - a +0 shortbow
 o - a +0 glaive
Missiles
 d - a throwing net (quivered)
 e - 6 javelins
Armour
 c - a +0 helmet (worn)
 m - a +2 cloak of poison resistance (worn)
 s - a +0 ring mail (worn)
Jewellery
 l - a ring of resist corrosion (left hand)
 r - a ring of willpower (right hand)
 C - a ring of magical power
Wands
 p - a wand of iceblast (7)
 w - a wand of paralysis (11)
 x - a wand of flame (33)
Scrolls
 f - 2 scrolls of silence {!r}
 g - 4 scrolls of teleportation
 h - a scroll of blinking
 j - a scroll of identify {@r1}
 n - 2 scrolls of vulnerability {unknown}
 q - 2 scrolls of brand weapon {unknown}
 t - a scroll of amnesia {unknown}
 y - a scroll of enchant weapon {unknown}
 z - a scroll of fog {unknown}
 A - 4 scrolls of summoning
 B - a scroll of holy word {unknown}
 D - a scroll of fear {unknown}
 F - a scroll of torment {unknown}
 H - 2 scrolls of acquirement {unknown}
 I - a scroll of magic mapping {unknown}
 J - a scroll of enchant armour {unknown}
Potions
 k - 3 potions of mutation {!q}
 u - 2 potions of magic
 G - a potion of flight


   Skills:
 - Level 7.1 Fighting
 * Level 8.2 Axes
 - Level 2.0 Throwing
 - Level 3.0 Dodging
 + Level 5.2 Invocations
 - Level 1.5 Evocations


You had 8 spell levels left.
You didn't know any spells.
Your spell library was empty.

Dungeon Overview and Level Annotations

Branches:
Dungeon (9/15)             Temple (0/1) D:7         Ossuary (visited)
   Lair: D:8-11         Orc: D:9-12

Altars:
The Shining One

Shops:
D:9 **(*

Annotations:
D:8 3 runed translucent doors, DEFE's ghost, novice OpBr; melvinkitnick's ghost, novice DsAM; yegreS's ghost, novice DDHu


Message History

Press: ? - help, Q - select action, (/) - cycle Shift-Dir - straight line, f/p - water moccasin
Aim: a water moccasin (lightly wounded, haloed, 63% to hit)
You throw a throwing net.
The throwing net hits the water moccasin.
The water moccasin is caught in the net!
The water moccasin is lightly wounded.
The orc wizard struggles against the net.
The water moccasin struggles against the net.
The orc wizard struggles against the net.
The water moccasin struggles against the net.
Your surroundings suddenly seem different.
An orc warrior comes into view. It is wielding a +1 glaive of freezing.
Found an escape hatch in the floor.
The orc warrior shouts!
An orc comes into view. It is wielding a +0 whip.
An orc comes into view. It is wielding a +0 great sword.
Enter note: are you kidding me A yak comes into view.
There is a stone staircase leading down here.
The orc warrior closely misses you.
You fly downwards.
The orc wizard shouts! x2; The orc shouts!
The orc wizard gestures wildly while chanting.
The orc wizard flickers and vanishes for a moment.
Found a fizzy clear potion.
Found Feoffeto's Assorted Antiques.
Found an escape hatch in the floor.
Found a stone staircase leading down.
There is a stone staircase leading up here.
Unknown command.
Enter note: COME ON You feel yourself speed up.
Unknown command.
It was a potion of attraction.
You feel attractive to monsters. The wight is attracted toward you.
The orc is attracted toward you. The wight is attracted toward you.
The orc wizard is attracted toward you.
It was a potion of brilliance.
You feel clever all of a sudden. You block the orc wizard's attack.
The wight hits you with a +1 great sword of protection!
You die...

.........#
####...#######.
...#...#
#8....########.
..(#...#
#.....>........
...#...#
#..>...........
...# ..#
#..§§......!...
...+
#....o...§.§...
...# #..oo.z..#
...# #....@z..#
...# #.#......#
...# #......8.#
#+## #........#
... ..........+
...
.########..#
..# ..# ..# ..#
.##


You could see 2 wights, 2 orc wizards and an orc.

Vanquished Creatures
  A wyvern (D:8)
  3 yaks (D:8)
  An ice beast (D:5)
  A centaur (D:5)
  A phantom (D:6)
  2 bullfrogs
  A gnoll sergeant (D:5)
  A necrophage (D:5)
  2 scorpions (D:5)
  A howler monkey (D:7)
  A hound (D:6)
  2 jellies
  3 orc priests
  3 iguanas
  7 orc wizards
  A mummy (Ossuary)
  Robin (D:4)
  4 adders
  A shadow imp (D:6)
  A white imp (D:8)
  An ufetubus (D:7)
  A dart slug (D:4)
  15 orcs
  3 bats
  4 endoplasms
  A giant cockroach (D:3)
  12 gnoll zombies (Ossuary)
  12 goblins
  7 hobgoblins
  6 jackals
  3 kobolds (D:2)
  3 quokkas
  5 ball pythons
  7 bat simulacra (Ossuary)
  2 frilled lizards (D:2)
  2 goblin simulacra (Ossuary)
  7 goblin zombies
  5 hobgoblin zombies (Ossuary)
  3 kobold simulacra (Ossuary)
  3 kobold zombies (Ossuary)
  4 orc zombies (Ossuary)
  3 rats
  A rat zombie (D:8)
  6 spectral goblins (Ossuary)
  6 spectral kobolds (Ossuary)
  5 spectral rats (Ossuary)
165 creatures vanquished.

Vanquished Creatures (others)
  18 plants (D:2)
  4 withered plants (D:8)
22 creatures vanquished.

Grand Total: 187 creatures vanquished

Notes
Turn   | Place    | Note
-------+----------+-------------------------------------------
     0 | D:1      | Leszczynek the Human Gladiator began the quest for the Orb.
     0 | D:1      | Reached XP level 1. HP: 16/16 MP: 1/1
    98 | D:2      | Found a faded altar of an unknown god.
   109 | D:2      | Prayed at the altar of an unknown god.
   109 | D:2      | Became a worshipper of the Shining One
   109 | D:2      | Reached * piety under the Shining One
   110 | D:2      | neat
   115 | D:2      | lol, can't even use aa because i have no mp
   165 | D:2      | Reached XP level 2. HP: 21/22 MP: 2/2
   223 | D:2      | Reached skill level 4 in Axes
   223 | D:2      | Reached XP level 3. HP: 21/27 MP: 3/3
   389 | D:2      | stairs DOWN please
   503 | D:2      | Reached XP level 4. HP: 28/33 MP: 4/4
   535 | D:3      | >+2 rpois cloak
   540 | D:3      | neat
   651 | D:4      | Reached ** piety under the Shining One
   665 | D:4      | Reached skill level 5 in Axes
   733 | D:5      | Entered Level 5 of the Dungeon
   789 | D:5      | Noticed a necrophage
   806 | D:5      | Killed a necrophage
   807 | D:5      | Reached skill level 3 in Fighting
   807 | D:5      | Reached XP level 5. HP: 31/41 MP: 1/5
   869 | D:5      | Reached skill level 4 in Fighting
   869 | D:5      | Reached XP level 6. HP: 18/49 MP: 3/6
   937 | D:6      | Noticed an ice beast
  1093 | D:5      | Reached skill level 1 in Invocations
  1136 | D:5      | Reached XP level 7. HP: 52/55 MP: 8/8
  1200 | D:4      | Noticed Robin
  1212 | D:4      | Killed Robin
  1260 | D:5      | Reached skill level 6 in Axes
  1260 | D:5      | Reached skill level 2 in Invocations
  1311 | D:6      | really
  1333 | D:5      | Reached skill level 3 in Invocations
  1439 | D:6      | Reached skill level 7 in Axes
  1439 | D:6      | Reached XP level 8. HP: 46/61 MP: 10/10
  1517 | D:8      | Noticed DEFE's ghost (novice OpBr)
  1517 | D:8      | Noticed yegreS's ghost (novice DDHu)
  1517 | D:8      | Noticed a wyvern
  1517 | D:8      | Found a runed translucent gate.
  1517 | D:8      | Found a runed translucent gate.
  1517 | D:8      | Found a runed translucent gate.
  1518 | D:8      | Noticed melvinkitnick's ghost (novice DsAM)
  1532 | D:8      | Reached skill level 4 in Invocations
  1532 | D:8      | Killed a wyvern
  1533 | D:8      | Reached skill level 8 in Axes
  1539 | D:8      | two potions and ego boots and you have to fight THREE
                  | ghosts for them, suuure
  1556 | D:7      | Found a staircase to the Ecumenical Temple.
  1581 | D:7      | Noticed a gargoyle
  1657 | D:9      | Found Neediale's Weapon Emporium.
  1674 | D:9      | Reached skill level 5 in Fighting
  1803 | D:9      | Reached skill level 1 in Evocations
  1822 | D:9      | Found Hajih's Assorted Antiques.
  1831 | D:9      | Bought a scroll labelled KACAMIL FUETH for 28 gold pieces
  1831 | D:9      | Bought a scroll of teleportation for 84 gold pieces
  1831 | D:9      | Bought a glowing brown potion for 25 gold pieces
  1831 | D:9      | Bought a scroll labelled LACZEA UZINAR for 28 gold pieces
  1834 | D:9      | Found Kukocro's General Store.
  1841 | D:9      | Bought a scroll of teleportation for 39 gold pieces
  1841 | D:9      | Bought a scroll of identify for 26 gold pieces
  2001 | D:8      | Found a sand-covered staircase.
  2009 | Ossuary  | Entered an ossuary
  2039 | Ossuary  | Reached *** piety under the Shining One
  2088 | Ossuary  | Reached **** piety under the Shining One
  2159 | Ossuary  | Reached ***** piety under the Shining One
  2179 | Ossuary  | Reached XP level 9. HP: 67/69 MP: 12/12
  2286 | Ossuary  | screw these consumables
  2286 | Ossuary  | look at all this piety!
  2286 | Ossuary  | xd
  2359 | D:8      | Reached skill level 6 in Fighting
  2375 | D:8      | Reached skill level 7 in Fighting
  2375 | D:8      | Reached skill level 5 in Invocations
  2411 | D:8      | Noticed a two-headed ogre
  2448 | D:8      | HP: 13/72 [orc wizard/puff of flame (8)]
  2450 | D:8      | HP: 3/72 [orc wizard/+0 quarterstaff (8)]
  2457 | D:8      | are you kidding me
  2480 | D:9      | Found Feoffeto's Assorted Antiques.
  2481 | D:9      | COME ON
  2483 | D:9      | Slain by a wight

Illustrated notes # .####.# .r ....... # ##. ...... .. .. ....# #.##.##$...# .. ..........#... #..#..#.#.# ######.#@#.....# .........##...... ................. ............#.## #.####......# # #. #..#..[#.# #. ##......#.##. #.#.###.......).... #.................. Turn 110 on D:2: neat ... ... .# ... ... #### #.####.## ............. #####..#........ ............# #.##.##@...# .. #..........#... ####..#..#.#.# ######.#_#.....# .........##....... .................. ............#.##.# #.####......#.# # #. #..#..[#.# Turn 115 on D:2: lol, can't even use aa because i have no mp .#.# #..#..[#.# .#. ##......#.##. .#.###.......).... .#. .................. ..[.. ##.##............. ...#.. #.##.#..#........ ...... #.##.#.....###### ...... ##..........# ######.....# ...##.#..##+###<@.......# #####.#..#.....###......# .........#.....###.....## ###......+.....+.......# #.#.##.#.....###.....# # #.#.##.#.....###.....# # #.#.##.# #...........# ###....#.###......####.... ....#......+.........+.... Turn 389 on D:2: stairs DOWN please .# .#.# .#.# ##############... #......##......# #......##.....# #......##.....#### #............@...# #.....<#.....###..... #......#.....# ### #########....# #....# #....# #....# ###### Turn 535 on D:3: >+2 rpois cloak . #. ### #.####.. #....#.# #....#.# #....#.# #....#@# ##############...# #......##......### #......##.....## #......##.....#### #................# #.....<#.....###..... #......#.....# #### #########....# Turn 540 on D:3: neat ####### # .......# #...#.# ###...Y.# #J...@s.# ............... ..#.......##... ..........# # #..#..#.### #. #..######### . ...#.......# .####.......# #.......# Turn 1311 on D:6: really ##.!8)[## ##8.....8## #/.......!# #P.......P# #⌠......W⌠# #P.....WW.# ####+++### # #.....@..# #.##. ##......)##...... #.##..†<)..# # ##[####.# ...# # ....## #.#.# . #. # Turn 1539 on D:8: two potions and ego boots and you have to fight THREE ghosts for them, suuure

###########################
#..........∩.∩.∩..........#
#.........................#
#......#'#'#'#'#'#'#......#
#.....##.#.#.#.#.#.##.....#
###'###################'###
#.##.##8.'.......'.8##.##.#
#..##.##8#.@.....#8##.##..#
#...##.###.......###.##...#
#....##.##.......##.##....#
#.....##.#.......#.##.....#
#......'.#...8...#^'......#
#.....##.#.......#.##.....#
#....##.##.......##.##....#
#...##.# #.......###.##...#
#..##.##8#.......#8##.##..#


Turn 2286 on Ossuary: screw these consumables #.##..†<)..###...... # ###[####.#
#....#. ....# #.# #.####. .oo.## #.....# # ##.#.#>####.......... #..#.....
......####. #.#o#.####...#.# #. #............#.# #. #..@....... #. ##
#...####### #. .. #.... .. #. ##..## #..# .... .... #..#. Turn 2457 on D:8: are
you kidding me .........# ####...#######. ...#...# #8....########. ..(#...#
#.....>........ ...#...# #..o........... ...# ..# #..o......z!... ...+
#....o......z.. ...# #........# ...# #....@...# ...# #.#......# ...# #......8.#
#+## #........# ... ..........+ ... .########..# ..# ..# ..# ..# .## Turn 2481
on D:9: COME ON

Levels and vault maps discovered:
D:1:      mainiacjoe_arrival_reflecting_pool, layout_basic,
          minmay_misc_feat_rugged, nicolae_figureground_sparkle
D:2:      layout_basic, ebering_ecumenical_altar_rust, nicolae_grassy_gnolls
D:3:      layout_rooms, serial_corexii_hall, chequers_hall_statues_y,
          chequers_hall_statues_corner_a
D:4:      layout_cave_pools, uniq_robin
D:5:      layout_loops_corners, st_stairs_11, uniq_crazy_yiuf_cottage
D:6:      layout_loops_cross
D:7:      layout_layer_cave, minmay_temple_entry_trees
D:8:      layout_loops_ring, enter_ossuary_4, gammafunk_ghost_cemetery
D:9:      layout_irregular_city, david_lair_shrubbed, serial_shops, shop,
          nicolae_stop_n_shop_1, shop, nicolae_shop_statue_plus,
          nicolae_take_the_stairs, uniq_prince_ribbit1, uniq_grum

Skill      XL: |  1  2  3  4  5  6  7  8  9 |
---------------+----------------------------+-----
Axes           | 4 5 7 8 |  8.2
Fighting       | 3 4 5 7 |  7.1
Invocations    | 1 3 4 5 |  5.2
Evocations     | 1 |  1.5
Throwing       | |  2.0
Dodging        | |  3.0

Action                   |  1- 3 |  4- 6 |  7- 9 || total
-------------------------+-------+-------+-------++-------
Melee: War axe           |    49 |    76 |   288 ||   413
       Punch             |     2 |     1 |     4 ||     7
 Fire: Shortbow          |       |       |     3 ||     3
Throw: Throwing net      |     2 |       |     3 ||     5
       Javelin           |       |     1 |       ||     1
Invok: Divine Shield     |       |     2 |     5 ||     7
Evoke: Wand              |       |     2 |     3 ||     5
  Use: Potion            |       |       |     6 ||     6
       Scroll            |       |       |     7 ||     7
Armor: Leather armour    |    13 |    17 |       ||    30
       Ring mail         |       |    15 |   102 ||   117
Dodge: Dodged            |    19 |    42 |   125 ||   186
Block: Other             |       |    11 |    23 ||    34

Table legend: (Time is in decaauts)
 A = Elapsed time spent in this place.
 B = Non-inter-level travel time spent in this place.
 C = Inter-level travel time spent in this place.
 D = Time resting spent in this place.
 E = Time spent auto-exploring this place.
 F = Levels seen in this place.
 G = Mean time per level.
                   A        B        C        D        E       F      G
               +--------+--------+--------+--------+--------+-----+--------+
         Total |   2618 |   2422 |    196 |      4 |      0 |  10 |  261.8 |
       Dungeon |   2291 |   2095 |    196 |      4 |      0 |   9 |  254.6 |
       Ossuary |    326 |    326 |      0 |      0 |      0 |   1 |  326.0 |
               +--------+--------+--------+--------+--------+-----+--------+

Top non-repeatable levels by time:
     D:5: 534 daAuts
     D:2: 421 daAuts
     D:9: 383 daAuts
 Ossuary: 326 daAuts
     D:8: 273 daAuts
     D:4: 173 daAuts
     D:6: 151 daAuts
     D:7: 132 daAuts
     D:1: 115 daAuts
     D:3: 106 daAuts
